 Dungeon Crawl Stone Soup version 0.29-a0-775-g4d7333d4e2 (webtiles) character file.

Game seed: 9451477153750999573

84 elite277 the Conjurer (level 4, -3/32 HPs)
             Began as a Human Conjurer on July 1, 2022.
             Slain by a gnoll
             ... wielding a +0 whip
              (4 damage)
             ... on level 2 of the Dungeon.
             The game lasted 00:05:15 (1734 turns).

elite277 the Conjurer (Human Conjurer)              Turns: 1734, Time: 00:05:16

Health: -3/32      AC:  8    Str:  6 (7)  XL:     4   Next: 74%
Magic:  1/7        EV: 11    Int: 18 (20) God:
Gold:   137        SH:  0    Dex: 12      Spells: 4/7 levels left

rFire   . . .      SeeInvis .   c - +0 hand axe
rCold   + + .      Faith    .   (no shield)
rNeg    . . .      Spirit   .   p - +2 leather armour of Cajephuu {Rampage rC+}
rPois   .          Reflect  .   (no helmet)
rElec   .          Harm     .   (no cloak)
rCorr   .          Rampage  +   (no gloves)
Will    .....                   e - +2 pair of boots
Stlth   ++........              (no amulet)
HPRegen 0.10/turn               m - ring of protection from cold
MPRegen 0.10/turn               (no ring)

@: very slightly contaminated
A: no striking features
a: no special abilities


You were on level 2 of the Dungeon.
You visited 1 branch of the dungeon, and saw 2 of its levels.

You collected 137 gold pieces.

Inventory:

Hand Weapons
 c - a +0 hand axe (weapon)
Missiles
 h - 3 poisoned darts
Armour
 a - a +0 robe
 e - a +2 pair of boots (worn)
 j - a +0 ring mail
 l - a +0 leather armour
 p - the +2 leather armour of Cajephuu (worn) {Rampage rC+}
   (You found it on level 2 of the Dungeon)

   rC:        It protects you from cold.
   Rampage:   It bestows one free step when moving towards enemies.
Jewellery
 m - a ring of protection from cold (left hand)
Scrolls
 d - 4 scrolls of identify {unknown}
 i - a scroll of enchant weapon {unknown}
 k - a scroll of teleportation {unknown}
 n - a scroll of enchant armour {unknown}
 o - a scroll of magic mapping {unknown}
Potions
 f - a potion of degeneration


   Skills:
 + Level 1.1 Fighting
 + Level 1.5 Axes
 + Level 0.1 Armour
 + Level 2.3 Dodging
 + Level 2.4 Stealth
 + Level 2.1 Spellcasting
 + Level 4.8 Conjurations


You had 4 spell levels left.
You knew the following spells:

 Your Spells              Type           Power      Damage    Failure   Level
a - Magic Dart            Conj           76%        1d6       3%          1
b - Searing Ray           Conj           38%        2d5       6%          2

Your spell library contained the following spells:

 Spells                   Type           Power      Damage    Failure   Level
 Dazzling Flash           Conj/Hex       20%        N/A       30%         3
 Fulminant Prism          Conj/Hex       5%         3d7       71%         4
 Iskenderun's Mystic Bla  Conj/Tloc      10%        2d4       71%         4


Dungeon Overview and Level Annotations

Branches:
Dungeon (2/15)

Altars:


Message History

Aim: a gnoll, wielding a +0 halberd and quivering 2 throwing nets (severely wounded, 81% to hit)
You miscast Searing Ray.
You are very lightly contaminated with residual magic.
Nothing appears to happen.
The gnoll barely misses you. The endoplasm hits you.
The gnoll hits you with a +0 whip. The gnoll hits you with a +0 club.
Casting: Searing Ray (safe; 6% risk of failure)
Confirm with . or Enter, or press ? or * to list all spells.
Aiming: Searing Ray (safe; 6% risk of failure)
Press: ? - help, Shift-Dir - straight line, f/p - gnoll
Aim: a gnoll, wielding a +0 halberd and quivering 2 throwing nets (severely wounded, 81% to hit)
The searing ray hits the gnoll!
You kill the gnoll!
The searing ray hits the gnoll.
You kill the gnoll! (Press . to maintain the ray.)
The endoplasm freezes you.
You are frozen.
You resist. The gnoll completely misses you.
Your Fighting skill increases to level 1!
The searing ray hits the gnoll.
You kill the gnoll!
The endoplasm misses you. The gnoll hits you with a +0 whip.
* * * LOW HITPOINT WARNING * * *
You feel your dexterity returning.
The searing ray hits the kobold.
You kill the kobold!
The endoplasm hits you but does no damage.
The gnoll hits you with a +0 whip!
* * * LOW HITPOINT WARNING * * *
Casting: Searing Ray (safe; 6% risk of failure)
Confirm with . or Enter, or press ? or * to list all spells.
Aiming: Magic Dart (safe; 3% risk of failure)
Press: ? - help, Shift-Dir - straight line, f - gnoll
Aim: a gnoll, wielding a +0 whip (moderately wounded, 100% to hit)
The magic dart hits the gnoll but does no damage.
The gnoll is moderately wounded.
The endoplasm freezes you.
You are frozen.
You resist.
* * * LOW HITPOINT WARNING * * *
The gnoll hits you with a +0 whip.
You die...

###.#.# ....... #(.....
#...... ###.##..#
#......#########>...#..#
#......#.....).#.#......
#......#.......#.#.##..#
#......#.......'.#.....#
#.....J#.......#####.#.#
#.....g@......... ...#.#
###...)######.#####..#>)
#...) ..# #..### #....
#... #.. #.... #.###
#.... #. #.... #....


You could see a gnoll and an endoplasm.

Vanquished Creatures
  An adder (D:2)
  3 gnolls (D:2)
  2 dart slugs (D:1)
  5 bats
  4 endoplasms (D:1)
  5 giant cockroaches
  3 goblins (D:1)
  A hobgoblin (D:1)
  A jackal (D:1)
  6 kobolds
  3 quokkas (D:1)
  2 ball pythons (D:1)
  3 frilled lizards (D:1)
  2 rats (D:1)
41 creatures vanquished.

Notes
Turn   | Place    | Note
-------+----------+-------------------------------------------
     0 | D:1      | elite277 the Human Conjurer began the quest for the Orb.
     0 | D:1      | Reached XP level 1. HP: 13/13 MP: 3/3
   298 | D:1      | Reached XP level 2. HP: 11/19 MP: 0/5
   570 | D:1      | Reached XP level 3. HP: 25/25 MP: 3/6
  1047 | D:1      | Learned a level 2 spell: Searing Ray
  1164 | D:1      | Reached skill level 1 in Axes
  1558 | D:2      | Reached XP level 4. HP: 31/31 MP: 3/7
  1704 | D:2      | Identified the +2 leather armour of Cajephuu {Rampage rC+}
  1732 | D:2      | Reached skill level 1 in Fighting
  1734 | D:2      | HP: 1/32 [frozen (1)]
  1734 | D:2      | Slain by a gnoll

Illustrated notes

Levels and vault maps discovered:
D:1:      dpeg_arrival_brainrot, layout_basic
D:2:      layout_basic, ebering_ecumenical_altar_sacrificial

Skill      XL: |  1  2  3  4 |
---------------+-------------+-----
Axes           | 1 |  1.5
Fighting       | 1 |  1.1
Armour         | |  0.1
Dodging        | |  2.3
Stealth        | |  2.4
Spellcasting   | |  2.1
Conjurations   | |  4.8

Action                   |  1- 3 |  4- 6 || total
-------------------------+-------+-------++-------
Melee: Hand axe          |    86 |     2 ||    88
 Cast: Magic Dart        |    44 |     3 ||    47
       Searing Ray       |       |     2 ||     2
  Use: Potion            |       |     3 ||     3
 Stab: Sleeping          |     2 |       ||     2
Armor: Robe              |    36 |       ||    36
       Leather armour    |       |     8 ||     8
Dodge: Dodged            |    71 |    12 ||    83

Table legend: (Time is in decaauts)
 A = Elapsed time spent in this place.
 B = Non-inter-level travel time spent in this place.
 C = Inter-level travel time spent in this place.
 D = Time resting spent in this place.
 E = Time spent auto-exploring this place.
 F = Levels seen in this place.
 G = Mean time per level.
                   A        B        C        D        E       F      G
               +--------+--------+--------+--------+--------+-----+--------+
         Total |   1757 |   1710 |     47 |    400 |    846 |   2 |  878.5 |
       Dungeon |   1757 |   1710 |     47 |    400 |    846 |   2 |  878.5 |
               +--------+--------+--------+--------+--------+-----+--------+

Top non-repeatable levels by time:
     D:1: 1557 daAuts
     D:2: 200 daAuts
